 Dungeon Crawl Stone Soup version 0.27.1-34-g3ba077fa99 (webtiles) character file.

Game seed: 8651729030138358669

122688 razz0 the Geomancer (level 16, -2/138 HPs)
             Began as a Deep Dwarf Necromancer on Jan 5, 2022.
             Was a High Priest of Makhleb.
             Hit by a large rock thrown by a stone giant (35 damage)
             ... on level 1 of the Depths on Jan 21, 2022.
             The game lasted 09:57:38 (44395 turns).

razz0 the Geomancer (Deep Dwarf Necromancer)       Turns: 44395, Time: 09:57:39

Health: -2/138     AC: 12    Str: 11    XL:     16   Next: 35%
Magic:  10/49 (31) EV: 15    Int: 26    God:    Makhleb [*****.]
Gold:   904        SH: 12    Dex: 13    Spells: 2/37 levels left

rFire    . . .     SeeInvis .   E - staff of earth
rCold    + . .     Faith    .   Z - +1 kite shield {reflect}
rNeg     + + .     Spirit   .   y - +0 steam dragon scales
rPois    +         Reflect  +   (helmet restricted)
rElec    .         Harm     .   (no cloak)
rCorr    .         Rampage  .   L - +2 pair of gloves of the Sea {rN+ MP+9 Str-2}
Will     ++...                  T - +2 pair of boots
Stlth    ++++......             d - amulet of magic regeneration
HPRegen  0.00/turn              r - +6 ring of intelligence
MPRegen  0.56/turn              w - ring of magical power

@: no status effects
A: damage resistance, heal wounds, negative energy resistance 1, sense
surroundings 2, no regeneration, antennae 1, cold resistance 1, poison
resistance, weak 1
a: Heal Wounds, Renounce Religion, Minor Destruction, Lesser Servant of Makhleb,
Major Destruction, Greater Servant of Makhleb


You were on level 1 of the Depths.
You worshipped Makhleb.
Makhleb was extremely pleased with you.
You visited 8 branches of the dungeon, and saw 29 of its levels.
You also visited: Bailey, Ice Cave and Volcano.

You collected 2341 gold pieces.
You spent 1437 gold pieces at shops.

Inventory:

Hand Weapons
 a - a +1 vampiric scimitar
 b - the +4 hand crossbow "Durecs" {freeze, rElec rF+ rC+ Dex+2}
   (You acquired it on level 3 of the Dungeon)

   Any ammunition fired from it freezes those it strikes, dealing additional
   cold damage.
   It can also slow down cold-blooded creatures.
   Dex:       It affects your dexterity (+2).
   rF:        It protects you from fire.
   rC:        It protects you from cold.
   rElec:     It insulates you from electricity.
 l - a +4 hand crossbow of flaming
 x - the +6 war axe of Res Nullius {flame, *Corrode Fly rPois SInv}
   (You found it on level 6 of the Dungeon)

   It burns those it strikes, dealing additional fire damage.
   Big, fiery blades are also staple armaments of hydra-hunters.
   rPois:     It protects you from poison.
   SInv:      It lets you see invisible.
   Fly:       It grants you flight.
   *Corrode:  It may corrode you when you take damage.
Missiles
 e - 8 curare-tipped darts
 g - 4 datura-tipped darts
 n - 91 poisoned darts (quivered)
 G - 2 throwing nets
 H - 106 bolts
 S - 16 javelins
Armour
 t - a +1 buckler of protection
 v - a +2 robe of willpower
 y - +0 steam dragon scales (worn)
 D - a +3 ring mail of poison resistance
 F - a +1 robe of fire resistance
 L - the +2 pair of gloves of the Sea (worn) {rN+ MP+9 Str-2}
   (You acquired it on level 3 of the Lair of Beasts)

   Str:       It affects your strength (-2).
   rN:        It protects you from negative energy.
   MP:        It affects your magic capacity (+9).
 P - the +18 shield of the Gong {rElec rN+ Will+ EV-5}
   (You found it on level 12 of the Dungeon)

   It is deafeningly noisy when blocking attacks.
   EV:        It affects your evasion (-5).
   rElec:     It insulates you from electricity.
   rN:        It protects you from negative energy.
   Will:      It increases your willpower.
 Q - the +3 pair of gauntlets of War {Slay+5}
   (You found it on level 12 of the Dungeon)

   Slay:      It affects your accuracy & damage with ranged weapons and melee
   (+5).
 T - a +2 pair of boots (worn)
 W - a +2 robe of positive energy
 X - a +2 robe of cold resistance
 Z - a +1 kite shield of reflection (worn)
Magical Staves
 E - a staff of earth (weapon)
Jewellery
 d - an amulet of magic regeneration (around neck)
 r - a +6 ring of intelligence (left hand)
 w - a ring of magical power (right hand)
 z - an amulet of reflection
 N - a ring of fire
Wands
 j - a wand of paralysis (9)
 m - a wand of iceblast (6)
 B - a wand of flame (41)
 K - a wand of polymorph (23)
 V - a wand of charming (8)
Scrolls
 k - 2 scrolls of magic mapping
 o - 6 scrolls of teleportation
 q - a scroll of fog
 u - 3 scrolls of holy word
 A - 3 scrolls of fear
 C - 4 scrolls of amnesia
 J - 2 scrolls of blinking
 R - 2 scrolls of identify
Potions
 c - 2 potions of cancellation
 f - 2 potions of haste
 h - 4 potions of brilliance
 i - 2 potions of might
 p - 3 potions of invisibility
 s - 8 potions of curing
 M - 7 potions of ambrosia
 O - a potion of resistance
 U - a potion of magic
 Y - 4 potions of heal wounds
Miscellaneous
 I - a condenser vane


   Skills:
 - Level 7.0 Fighting
 - Level 3.0 Long Blades
 - Level 3.4 Axes
 + Level 2.5 Staves
 - Level 6.0 Crossbows
 - Level 2.0 Throwing
 - Level 3.8 Armour
 + Level 9.5 Dodging
 - Level 8.0 Stealth
 + Level 11.4 Shields
 - Level 11.0 Spellcasting
 - Level 7.0 Conjurations
 - Level 11.3 Necromancy
 - Level 8.0 Translocations
 - Level 2.0 Transmutations
 * Level 13.6 Earth Magic
 - Level 3.0 Poison Magic
 + Level 9.5 Invocations
 + Level 5.6 Evocations


You had 2 spell levels left.
You knew the following spells:

 Your Spells              Type           Power      Damage    Failure   Level
a - Pain                  Necr           100%       1d9       1%          1
b - Blink                 Tloc           N/A        N/A       1%          2
d - Animate Dead          Necr           32%        N/A       1%          4
e - Petrify               Tmut/Erth      70%        N/A       2%          4
g - Agony                 Necr           64%        N/A       1%          5
i - Iskenderun's Mystic   Conj/Tloc      52%        2d11      3%          4
l - Lee's Rapid Deconstr  Erth           45%        3d23*     1%          5
p - Poisonous Vapours     Pois/Air       44%        N/A       5%          2
s - Stone Arrow           Conj/Erth      100%       3d13      1%          3
v - Vampiric Draining     Necr           32%        2d10      1%          3
w - Passwall              Tmut/Erth      58%        N/A       1%          2

Your spell library contained the following spells:

 Spells                   Type           Power      Damage    Failure   Level
 Animate Skeleton         Necr           100%       N/A       1%          1
 Sandblast                Erth           100%       2d20      1%          1
 Sublimation of Blood     Necr           32%        N/A       1%          2
 Sting                    Tmut/Pois      100%       1d8       2%          1
 Lesser Beckoning         Tloc           27%        N/A       1%          3
 Passage of Golubria      Tloc           N/A        N/A       2%          4
 Animate Armour           Summ/Erth      100%       N/A       4%          4
 Manifold Assault         Tloc           54%        N/A       7%          5
 Bolt of Magma            Conj/Fire/Erth 33%        4d15      11%         5
 Frozen Ramparts          Ice            28%        1d4       19%         3
 Swiftness                Air            14%        N/A       19%         3
 Olgreb's Toxic Radiance  Pois           29%        N/A       19%         4
 Irradiate                Conj/Tmut      18%        3d20      28%         5
 Summon Forest            Summ/Tloc      17%        N/A       34%         5
 Ice Form                 Ice/Tmut       19%        N/A       38%         4
 Summon Ice Beast         Ice/Summ       14%        N/A       54%         4
 Silence                  Hex/Air        7%         N/A       87%         5
 Eringya's Noxious Bog    Tmut/Pois      13%        N/A       98%         6
 Lehudib's Crystal Spear  Conj/Erth      40%        10d10     99%         8
 Invisibility             Hex            7%         N/A       100%        6
 Summon Hydra             Summ           7%         N/A       100%        7
 Ignition                 Fire           7%         3d4       100%        8
 Shatter                  Erth           45%        3d35*     100%        9


Dungeon Overview and Level Annotations

Branches:
Dungeon (15/15)            Temple (1/1) D:5            Lair (6/6) D:8
  Swamp (2/4) Lair:2       Spider (1/4) Lair:4        Slime (0/5) Lair:6
    Orc (2/2) D:12            Elf (1/3) Orc:2        Vaults (0/5) D:13
 Depths (1/5) D:15         Bailey (visited)           IceCv (visited)
Volcano (visited)

Altars:
Ashenzari
Cheibriados
Dithmenos
Elyvilon
Fedhas
Gozag
Hepliaklqana
Kikubaaqudgha
Makhleb
Nemelex Xobeh
Okawaru
Qazlal
Ru
Sif Muna
Trog
Uskayaw
Vehumet
Wu Jian
Xom
Yredelemnul
Zin
The Shining One

Shops:
D:6 ?   D:8 (   D:10 ?*:(   D:12 !   D:13 (   Orc:2 *:(!?

Portals:
Pandemonium: Orc:2

Annotations:
D:12 stash
Lair:6 Nessos
Spider:1 Henki menee
Elf:1 ovella 5 x kova mage + glaive


Innate Abilities, Weirdness & Mutations

You are resistant to damage.
You can heal yourself by infusing magical energy.
You resist negative energy. (rN+)
You passively map the area around you.
You do not regenerate.
You have a pair of small antennae on your head.
Your flesh is cold resistant. (rC+)
Your system is resistant to poisons. (rPois)
You are weak. (Str -2)


Message History

You hear a grinding noise.
The stone giant throws a large rock.
The large rock misses you.
You hear a grinding noise.
There is a staircase back to the Dungeon here.
Aiming: Charm
Press: ? - help, Shift-Dir - straight line, f - ice dragon
Aim: an ice dragon (chance to affect: 45%)
The ice dragon resists with some effort.
The stone giant throws a large rock.
The large rock hits you but does no damage.
Casting: Lee's Rapid Deconstruction (mildly dangerous; 1% risk of failure)
Confirm with . or Enter, or press ? or * to list all spells.
Aiming: Petrify (mildly dangerous; 2% risk of failure)
Press: ? - help, Shift-Dir - straight line, f/p - ice dragon
Aim: an ice dragon (chance to affect: 65%)
Okay, then.
Unknown command.
Casting: Petrify (mildly dangerous; 2% risk of failure)
Confirm with . or Enter, or press ? or * to list all spells.
Aiming: Pain (safe; 1% risk of failure)
Press: ? - help, Shift-Dir - straight line, f - stone giant, p - ice dragon
Aim: a stone giant, quivering large rocks (lightly wounded, chance to affect: 37%)
The stone giant writhes in agony.
The stone giant throws a large rock.
The large rock hits you!!!
Aiming: Charm
Press: ? - help, Shift-Dir - straight line, f - ice dragon, p - stone giant
Aim: an ice dragon (chance to affect: 45%)
The ice dragon resists with some effort.
Casting: Pain (safe; 1% risk of failure)
Confirm with . or Enter, or press ? or * to list all spells.
Aiming: Stone Arrow (safe; 1% risk of failure)
Press: ? - help, Shift-Dir - straight line, f - stone giant, p - ice dragon
Aim: a stone giant, quivering large rocks (moderately wounded, 100% to hit)
You feel a surge of power!
The stone arrow hits the stone giant!!
The stone giant is heavily wounded.
The stone giant throws a large rock.
The large rock hits you!!!
* * * LOW HITPOINT WARNING * * *
You hear a grinding noise.
The stone giant throws a large rock.
The large rock hits you!!!
You die...

#.....###....#
, , ,
*#...........##
*,
*#..?......).#
, , ,
#...D..)...##,
, ,
##..C.......# *
* ##.........#
* * ##.......##
##.....##
##..@## #####


You could see an ice dragon and a stone giant.

Vanquished Creatures
  An orc warlord (Orc:1)
  A war gargoyle (D:14)
  2 ettins
  A fire dragon (D:14)
  4 boulder beetles
  5 hydras
  A vault guard (D:13)
  An ice dragon (IceCv)
  Harold (D:8)
  A catoblepas (Lair:6)
  2 ogre magi
  2 centaur warriors
  A death knight (D:14)
  15 two-headed ogres
  3 death yaks
  A hell hog (Volcano)
  3 orc high priests (Orc:2)
  7 tengu warriors
  Urug (Lair:5)
  Nergalle (Lair:3)
  A spriggan (Swamp:2)
  9 skeletal warriors
  A goliath frog (Swamp:1)
  3 deep trolls
  A flayed ghost (D:14)
  3 bog bodies
  A gelid demonspawn (Orc:2)
  A deep elf archer (D:14)
  4 orc knights (Orc:2)
  2 lindwurms
  A harpy (D:10)
  2 phantasmal warriors (D:12)
  Pikel (D:5)
  A wizard (D:15)
  A deep elf pyromancer (D:13)
  8 orc sorcerers (Orc:2)
  4 cyclopes
  10 ugly things
  A salamander (shapeshifter) (Lair:6)
  3 manticores
  A salamander (Volcano)
  5 elephants (Lair:5)
  6 black mambas
  A smoke demon (Orc:2)
  2 molten gargoyles (Lair:5)
  An ice statue (Lair:3)
  A rust devil (Orc:2)
  2 unseen horrors
  An unseen horror (shapeshifter) (D:12)
  Psyche (D:8)
  16 cane toads
  An efreet (D:15)
  Maggie (D:6)
  2 ice devils (Orc:2)
  7 rime drakes
  6 komodo dragons
  4 yaktaurs (D:15)
  3 tengu conjurers
  9 freezing wraiths
  4 trolls
  38 yaks
  7 polar bears
  A queen bee (D:10)
  A hornet (shapeshifter) (D:14)
  2 hornets
  32 blink frogs
  14 slime creatures
  7 dream sheep (Lair:4)
  A raiju (shapeshifter) (D:14)
  3 redbacks
  Sigmund (D:2)
  A small abomination (Lair:6)
  A wyvern (shapeshifter) (D:13)
  3 wyverns
  3 wraiths
  A shadow (D:12)
  A vampire (D:10)
  3 basilisks
  4 fire bats
  A steam dragon (D:9)
  6 wargs
  2 swamp worms (Swamp:2)
  An acid dragon (D:11)
  A hell hound (Volcano)
  2 swamp drakes
  34 orc warriors
  14 water moccasins
  A sky beast (D:6)
  4 black bears
  A necrophage (D:5)
  7 ice beasts
  5 ogres
  9 wolves
  A phantom (D:7)
  3 centaurs
  A lemure (D:5)
  4 kobold brigands
  9 bullfrogs
  A gnoll sergeant (D:6)
  3 scorpions
  A hornet simulacrum (D:15)
  34 killer bees
  8 electric eels
  8 wights (D:8)
  2 howler monkeys (D:8)
  5 lava snakes (Lair:5)
  2 centaur zombies
  20 orc priests
  3 hounds
  A centaur skeleton (D:5)
  A gnoll shaman (D:8)
  A bullfrog skeleton (D:5)
  3 jellies
  2 iguanas
  Ijyb (D:3)
  Natasha (D:3)
  17 orc wizards
  A killer bee zombie (D:8)
  A howler monkey zombie (D:7)
  11 gnolls
  5 adders
  A howler monkey skeleton (D:6)
  2 white imps
  An ufetubus (D:5)
  An adder skeleton (D:4)
  2 worms
  A dart slug (D:1)
  80 orcs
  5 endoplasms
  5 goblins
  5 hobgoblins
  4 jackals (D:4)
  20 kobolds
  2 quokkas
  3 ball pythons
  5 bats
  4 frilled lizards
  2 rats
691 creatures vanquished.

Vanquished Creatures (collateral kills)
  A frost giant (D:12)
  An ice dragon (IceCv)
  A two-headed ogre (D:10)
  A deep troll earth mage (D:12)
  An orc high priest (Orc:1)
  A soul eater (Orc:2)
  A deep elf pyromancer (D:12)
  An ugly thing (IceCv)
  A cyclops (D:11)
  An elephant (Lair:5)
  A demonic crawler (Lair:4)
  A yaktaur (shapeshifter) (D:14)
  A polar bear (IceCv)
  2 trolls (D:10)
  A hornet (D:10)
  A dream sheep (shapeshifter) (D:10)
  A wyvern (Lair:5)
  9 yaks
  A swamp worm (Swamp:2)
  An ice beast (D:7)
  7 orc warriors
  A centaur (D:10)
  An ogre (Orc:1)
  A kobold brigand (D:10)
  A gnoll sergeant (D:6)
  3 killer bees
  A wight (D:8)
  2 centaur zombies
  3 orc wizards
  3 gnolls
  7 orcs
  4 kobolds (D:6)
  3 butterflies
66 creatures vanquished.

Vanquished Creatures (others)
  An ugly thing (IceCv)
  A yak (D:10)
  A centaur (Volcano)
  70 fungi
  169 plants
242 creatures vanquished.

Grand Total: 999 creatures vanquished

Notes
Turn   | Place    | Note
-------+----------+-------------------------------------------
     0 | D:1      | razz0 the Deep Dwarf Necromancer began the quest for the
                  | Orb.
     0 | D:1      | Reached XP level 1. HP: 15/15 MP: 3/3
   234 | D:2      | Reached XP level 2. HP: 16/22 MP: 3/5
   755 | D:1      | Reached skill level 5 in Necromancy
  1479 | D:1      | Reached XP level 3. HP: 20/28 MP: 3/6
  1483 | D:1      | Learned a level 3 spell: Vampiric Draining
  1614 | D:3      | Found a transporter.
  1692 | D:2      | Noticed Sigmund
  1802 | D:3      | Found a stormy altar of Qazlal.
  1802 | D:3      | Found a glowing silver altar of Zin.
  1807 | D:3      | Found a sparkling altar of Nemelex Xobeh.
  1848 | D:3      | Noticed Natasha
  2040 | D:3      | Identified a scroll of acquirement
  2040 | D:3      | Acquired the +4 hand crossbow "Durecs" {freeze, rElec rF+
                  | rC+ Dex+2}
  2148 | D:5      | Entered Level 5 of the Dungeon
  2194 | D:4      | Reached XP level 4. HP: 12/36 MP: 3/7
  2402 | D:4      | Found an ancient bone altar of Kikubaaqudgha.
  2403 | D:4      | Found a hazy altar of Hepliaklqana.
  2462 | D:5      | Noticed Pikel
  2513 | D:4      | Noticed a black bear
  2683 | D:4      | Gained mutation: Your system is resistant to poisons.
                  | (rPois) [potion of mutation]
  2683 | D:4      | Gained mutation: Your flesh is cold resistant. (rC+)
                  | [potion of mutation]
  2683 | D:4      | Gained mutation: You are weak. (Str -2) [potion of
                  | mutation]
  2683 | D:4      | Gained mutation: You have a pair of small antennae on your
                  | head. [potion of mutation]
  2987 | D:4      | Noticed a scorpion
  3104 | D:4      | Killed a scorpion
  3105 | D:4      | Reached skill level 1 in Crossbows
  3105 | D:4      | Reached XP level 5. HP: 28/42 MP: 3/9
  3439 | D:4      | Killed a black bear
  3440 | D:4      | Reached skill level 1 in Fighting
  3440 | D:4      | Reached XP level 6. HP: 45/51 MP: 10/10
  3828 | D:3      | Found a transporter.
  4219 | D:3      | Noticed Ijyb
  4387 | D:2      | Killed Sigmund
  4633 | D:2      | Reached XP level 7. HP: 58/58 MP: 3/12
  5026 | D:2      | Learned a level 4 spell: Animate Dead
  5136 | D:3      | Found a faded altar of an unknown god.
  5226 | D:6      | Found Vitaud's Magic Scroll Emporium.
  5266 | D:6      | Bought a scroll of teleportation for 36 gold pieces
  5266 | D:6      | Bought a scroll of blinking for 90 gold pieces
  5266 | D:6      | Bought a scroll of fog for 24 gold pieces
  5632 | D:6      | Noticed Maggie
  5650 | D:5      | Found a snail-covered altar of Cheibriados.
  5692 | D:5      | Reached XP level 8. HP: 67/67 MP: 14/14
  5724 | D:5      | Reached skill level 1 in Earth Magic
  5802 | D:5      | Found a staircase to the Ecumenical Temple.
  5827 | Temple   | Entered the Ecumenical Temple
  5916 | Temple   | Became a worshipper of Makhleb the Destroyer
  6224 | D:5      | Killed Pikel
  6225 | D:5      | Reached skill level 5 in Dodging
  6225 | D:5      | Reached skill level 2 in Earth Magic
  6261 | D:5      | Reached skill level 3 in Earth Magic
  6439 | D:5      | Reached skill level 5 in Crossbows
  6439 | D:5      | Reached skill level 5 in Spellcasting
  6824 | D:5      | Learned a level 5 spell: Agony
  7096 | D:7      | Gained mutation: You passively map the area around you.
                  | [Deep Dwarf growth]
  7096 | D:7      | Reached XP level 9. HP: 42/73 MP: 11/16
  7173 | D:7      | Reached skill level 4 in Earth Magic
  7190 | D:6      | Reached * piety under Makhleb
  7628 | D:7      | Reached skill level 1 in Conjurations
  7843 | D:7      | Learned a level 3 spell: Stone Arrow
  7874 | D:6      | Identified the +6 war axe of Res Nullius {flame, *Corrode
                  | Fly rPois SInv}
  7942 | D:6      | Killed Maggie
  8326 | D:7      | Reached skill level 5 in Earth Magic
  8645 | D:8      | Reached skill level 1 in Axes
  8744 | D:8      | Reached ** piety under Makhleb
  8789 | D:8      | Noticed a two-headed ogre
  8859 | D:8      | Noticed Psyche
  9340 | D:8      | Killed a two-headed ogre
  9341 | D:8      | Reached XP level 10. HP: 66/84 MP: 9/20
  9449 | D:9      | Found a flagged portal.
  9487 | Bailey   | Entered a bailey
  9557 | Bailey   | Reached skill level 6 in Earth Magic
  9579 | Bailey   | HP: 4/84 [orc warrior (16)]
  9640 | D:8      | Found a staircase to the Lair.
  9650 | Lair:1   | Entered Level 1 of the Lair of Beasts
  9650 | Lair:1   | Noticed a seven-headed hydra
  9673 | D:8      | Noticed Harold
 10106 | D:8      | Reached skill level 5 in Stealth
 10509 | D:6      | Bought a scroll of fear for 42 gold pieces
 10509 | D:6      | Bought a scroll of teleportation for 36 gold pieces
 10509 | D:6      | Bought a scroll of identify for 24 gold pieces
 10615 | D:3      | Killed Ijyb
 10640 | D:3      | Killed Natasha
 10948 | D:8      | Reached *** piety under Makhleb
 11171 | D:8      | Killed Psyche
 11457 | D:8      | Found Gysiab's Antique Weapon Emporium.
 12258 | D:8      | Reached skill level 1 in Long Blades
 12434 | D:9      | Found a shimmering altar of Xom.
 12544 | D:10     | Entered Level 10 of the Dungeon
 12544 | D:10     | Found Homurcho's Book Emporium.
 12725 | D:9      | Reached skill level 1 in Armour
 13031 | D:10     | Found Pubeojar's General Store.
 13050 | D:11     | Got the Almanac of the Volcanoes and Orientation
 13185 | D:10     | Found Tegaja's Magic Scroll Shop.
 13188 | D:10     | Noticed a two-headed ogre
 13198 | D:10     | Killed a two-headed ogre
 13199 | D:10     | Reached XP level 11. HP: 75/93 MP: 0/22
 13206 | D:10     | Bought a scroll of blinking for 97 gold pieces
 13350 | D:10     | Found Hodwe's Weapon Boutique.
 13774 | D:12     | Found Berphase's Distillery.
 13783 | D:12     | Bought a potion of heal wounds for 85 gold pieces
 14081 | D:9      | Learned a level 2 spell: Poisonous Vapours
 14346 | D:10     | Reached **** piety under Makhleb
 14366 | D:10     | Reached skill level 1 in Invocations
 14584 | D:10     | Reached skill level 1 in Poison Magic
 14908 | D:11     | Identified the +0 robe of Midnight {rF- rC+++ SInv Stlth+}
 15063 | D:12     | Noticed a white ugly thing
 15214 | D:12     | Reached skill level 1 in Throwing
 15219 | D:12     | Noticed a two-headed ogre
 15232 | D:12     | Killed a two-headed ogre
 15233 | D:12     | Reached skill level 5 in Fighting
 15391 | D:13     | Noticed a tengu warrior
 15508 | D:12     | Reached skill level 10 in Necromancy
 15986 | D:12     | Noticed a deep elf pyromancer
 16052 | D:12     | Found the +18 shield of the Gong {rElec rN+ Will+ EV-5}
 16218 | D:10     | Noticed a harpy
 16223 | D:10     | Killed a harpy
 16253 | D:10     | Reached skill level 1 in Evocations
 16257 | D:10     | Noticed a two-headed ogre
 16260 | D:10     | Killed a two-headed ogre
 16443 | D:10     | Noticed a fire crab
 16451 | D:10     | a fire crab changed into a dream sheep
 16612 | D:10     | Bought a book of Spatial Translocations for 312 gold pieces
 16615 | D:10     | Learned a level 2 spell: Blink
 16801 | D:11     | You fall into a shaft and drop 1 floor!
 17003 | D:11     | Noticed a two-headed ogre
 17012 | D:11     | Killed a two-headed ogre
 17013 | D:11     | Reached skill level 1 in Translocations
 17013 | D:11     | Reached XP level 12. HP: 100/103 MP: 19/24
 17157 | D:11     | Noticed a two-headed ogre
 17226 | D:11     | Killed a two-headed ogre
 17227 | D:11     | Reached skill level 5 in Invocations
 17552 | D:11     | Reached skill level 7 in Earth Magic
 17929 | D:12     | Found a staircase to the Orcish Mines.
 18166 | Orc:1    | Entered Level 1 of the Orcish Mines
 18490 | Orc:1    | Reached skill level 1 in Shields
 18728 | Orc:1    | Noticed an orc high priest
 18742 | Orc:1    | Killed an orc high priest
 19241 | Orc:1    | Noticed an orc warlord
 19252 | Orc:1    | Killed an orc warlord
 19440 | Orc:2    | Entered Level 2 of the Orcish Mines
 19440 | Orc:2    | Found Noerch's Assorted Antiques.
 19683 | Orc:2    | Found a staircase to the Elven Halls.
 20742 | Orc:2    | Found Wouppunn's Magic Scroll Emporium.
 20748 | Orc:2    | Found Mugyfauts's Distillery.
 20935 | Orc:2    | Reached skill level 5 in Translocations
 21400 | Orc:2    | Noticed an orc high priest
 21522 | Orc:2    | Noticed an orc high priest
 21536 | Orc:2    | Killed an orc high priest
 21701 | Orc:2    | Reached XP level 13. HP: 73/111 MP: 26/26
 21740 | Orc:2    | Bought a potion of heal wounds for 80 gold pieces
 21796 | Orc:2    | Reached skill level 5 in Conjurations
 21881 | Orc:2    | Reached ***** piety under Makhleb
 22356 | Orc:2    | Paralysed by an orc sorcerer for 2 turns
 22849 | Orc:2    | Found Xeeg's Antique Weapon Boutique.
 22849 | Orc:2    | Found Maycvenk's Book Shop.
 22850 | Orc:2    | Found a one-way gate leading to the halls of Pandemonium.
 23321 | D:12     | Reached skill level 8 in Earth Magic
 24023 | D:14     | Reached skill level 5 in Shields
 24041 | D:14     | Found a frozen archway.
 24135 | IceCv    | Entered an ice cave
 24590 | D:14     | Noticed a fire dragon
 24617 | D:15     | Entered Level 15 of the Dungeon
 25160 | D:13     | Found a gate to the Vaults.
 25420 | D:13     | Reached skill level 9 in Earth Magic
 25771 | D:12     | Noticed a frost giant
 26003 | D:13     | Gained mutation: You resist negative energy. (rN+) [Deep
                  | Dwarf growth]
 26003 | D:13     | Reached XP level 14. HP: 92/120 MP: 26/27
 26083 | D:13     | Found Hahokece's Antique Weapon Shop.
 27617 | D:10     | Bought 20 bolts for 56 gold pieces
 27617 | D:10     | Bought 12 bolts for 33 gold pieces
 27839 | Orc:2    | Bought a potion of heal wounds for 80 gold pieces
 27841 | Orc:2    | Bought a scroll of blinking for 90 gold pieces
 28014 | Lair:2   | Found a staircase to the Swamp.
 28388 | Lair:1   | Reached skill level 10 in Spellcasting
 30787 | Lair:3   | Reached skill level 10 in Earth Magic
 30863 | Lair:3   | Found a dark tunnel.
 30882 | Volcano  | Entered a volcano
 32130 | Lair:3   | Noticed Nergalle
 34132 | Lair:5   | Learned a level 4 spell: Iskenderun's Mystic Blast
 35002 | Lair:4   | Found a hole to the Spider Nest.
 35650 | Lair:5   | Reached XP level 15. HP: 110/126 MP: 29/29
 35672 | Lair:5   | Learned a level 2 spell: Passwall
 36210 | Lair:5   | Reached skill level 10 in Shields
 36287 | Lair:6   | Entered Level 6 of the Lair of Beasts
 36333 | Lair:5   | Noticed Urug
 36381 | Lair:5   | Killed Urug
 36588 | Lair:5   | Identified the +0 ring mail "Qivyef" {rElec rF- Will+++
                  | Slay+3}
 37155 | Lair:6   | Noticed Nessos
 37225 | Lair:6   | Reached skill level 11 in Earth Magic
 37437 | Swamp:1  | Entered Level 1 of the Swamp
 37673 | Orc:2    | Bought a book of Geomancy for 352 gold pieces
 37679 | Orc:2    | Learned a level 5 spell: Lee's Rapid Deconstruction
 37886 | D:8      | Killed Harold
 38883 | Lair:3   | Killed Nergalle
 39531 | Spider:1 | Entered Level 1 of the Spider Nest
 39853 | Elf:1    | Entered Level 1 of the Elven Halls
 40105 | Lair:3   | Acquired the +2 pair of gloves of the Sea {rN+ MP+9 Str-2}
 41201 | D:13     | Learned a level 4 spell: Petrify
 41236 | D:12     | Found the +3 pair of gauntlets of War {Slay+5}
 41318 | D:12     | Killed a frost giant
 41539 | D:13     | Reached skill level 12 in Earth Magic
 41543 | D:13     | Reached skill level 1 in Transmutations
 43048 | D:15     | Reached skill level 1 in Staves
 43048 | D:15     | Reached XP level 16. HP: 138/138 MP: 31/31
 43106 | D:15     | Reached skill level 13 in Earth Magic
 43464 | D:15     | Reached skill level 5 in Evocations
 43778 | D:15     | Reached ****** piety under Makhleb
 44223 | D:15     | Found a staircase to the Depths.
 44369 | Depths:1 | Entered Level 1 of the Depths
 44395 | Depths:1 | Hit by a large rock thrown by a stone giant

Illustrated notes

Levels and vault maps discovered:
D:1:      tarquinn_simple_flora_water_a, layout_basic
D:2:      layout_basic, uniq_sigmund
D:3:      gammafunk_steamed_eel, layout_loops_ring, minitemple,
          shapermc_ecumenical_altar_mp_urbaneastern, uniq_ijyb, uniq_natasha
D:4:      layout_basic, gammafunk_temple_overflow_statue,
          kennysheep_opposing_triangles
D:5:      layout_basic, mainiacjoe_overflow_small_starburst,
          minmay_temple_entry_proselytizer, uniq_pikel
D:6:      layout_cave_pools, serial_shops, shop, uniq_maggie
D:7:      layout_basic, minmay_misc_feat_nine_boxes, minmay_holes
D:8:      layout_loops_ring, lair_entry_dummy, serial_shops,
          nicolae_shop_statue_plus, kennysheep_kite_vault, uniq_harold,
          uniq_psyche
D:9:      layout_long_grid, dk_xom_monty_hall, enter_bailey_2, nicolae_wwwww
D:10:     layout_rooms, serial_shops, nicolae_shop_stone, shop_fountains,
          nicolae_shop_temple_entry_statues_fountains, shop, special_room
          [special_room_bee], chequers_mini_garden, evilmike_minifort
D:11:     layout_irregular_city
D:12:     cross_vault, layout_small_grid, erik_orc_1, serial_shops, shop
D:13:     layout_roguey, david_vaults_5, serial_shops, nicolae_shop_statue_plus
D:14:     layout_small_grid, portal_ice_cave_entry_horrid_things,
          grunt_ministairs_13, serial_bayou_lagoon_a, minmay_evil_grid
D:15:     hangedman_depths_entry_civil_slaughter, layout_long_grid,
          grunt_decor_junction
Temple:   regret_index_temple_generic_petals
Lair:1:   layout_gridlike, chequers_serial_rivers_micro_d, beast_lair_carwin_4
Lair:2:   layout_regular_city, skrybe_swamp_entry_bodies, lemuel_fruit_fields,
          grunt_megastairs_4, serial_bayou_shore_b
Lair:3:   layout_chaotic_city, nicolae_volcano_entry_batcave, ice2_lemuel,
          serial_bayou_shore_a, uniq_nergalle
Lair:4:   layout_cave_pods, dummy_spider_entry, grunt_megastairs_1,
          lemuel_fruit_tree, lemuel_fruit_fields
Lair:5:   cheibrodos_magma_flow, layout_long_grid, uniq_urug
Lair:6:   hellmonk_lair_end_abyssal_woods, layout_gridlike, slime_altar_1,
          lemuel_fruit_fields, lemuel_fruit_fields, uniq_nessos
Swamp:1:  layout_basic_swamp, serial_swamp_ruin, hangedman_swamp_ruin_hall,
          evilmike_swamp_ruin_rubble_2
Swamp:2:  layout_basic_swamp, evilmike_swamp_ruin_house_1
Spider:1: cheibrodos_forgotten_conduit, nzn_ghost_randoct
Orc:1:    layout_caves
Orc:2:    pf_orc_diabolical, layout_caves, serial_shops, shop,
          nicolae_orc_lava_room
Elf:1:    minmay_elf_arrival_plus, layout_geoelf_octagon, serial_shops, shop,
          minmay_elf_crystal_heptagon, minivault_16
Depths:1: layout_big_octagon, abyss_entry, hell_entry, tgw_trog,
          grunt_megastairs_2, serial_bayou_shore_b

Skill      XL: |  1  2  3  4  5  6  7  8  9 10 11 12 13 14 15 16 |
---------------+-------------------------------------------------+-----
Spellcasting   | 2 3 4 5 6 7 8 9 10 11 | 11.0
Necromancy     | 5 6 7 8 9 10 11 | 11.3
Crossbows      | 1 2 4 5 6 |  6.0
Fighting       | 1 2 3 4 5 6 7 |  7.0
Dodging        | 3 4 5 6 8 9 |  9.5
Earth Magic    | 3 5 6 7 9 10 12 13 | 13.6
Stealth        | 4 5 6 7 8 |  8.0
Conjurations   | 3 4 5 6 7 |  7.0
Axes           | 2 3 |  3.4
Long Blades    | 1 2 3 |  3.0
Armour         | 2 3 |  3.8
Invocations    | 4 6 8 9 |  9.5
Poison Magic   | 2 3 |  3.0
Throwing       | 2 |  2.0
Evocations     | 4 5 |  5.6
Translocations | 1 5 7 8 |  8.0
Shields        | 3 6 9 11 | 11.4
Transmutations | 2 |  2.0
Staves         | 1 2 |  2.5

Action                   |  1- 3 |  4- 6 |  7- 9 | 10-12 | 13-15 | 16-18 || total
-------------------------+-------+-------+-------+-------+-------+-------++-------
Melee: Unarmed           |    25 |     1 |    13 |       |       |       ||    39
       War axe           |       |       |    26 |    23 |    27 |       ||    76
       Scimitar          |       |       |       |   199 |    50 |       ||   249
 Fire: Hand crossbow     |       |    33 |   107 |    92 |   126 |    15 ||   373
Throw: Dart              |     5 |     1 |    11 |    95 |   118 |       ||   230
       Throwing net      |       |     1 |       |       |       |       ||     1
       Javelin           |       |       |       |     5 |     4 |       ||     9
       Boomerang         |       |       |       |     4 |    19 |       ||    23
 Cast: Pain              |    50 |    10 |    38 |    54 |    77 |     1 ||   230
       Vampiric Draining |     7 |    20 |    43 |   165 |   214 |     1 ||   450
       Animate Dead      |       |       |    15 |    28 |    34 |     1 ||    78
       Stone Arrow       |       |       |     5 |   166 |   413 |     2 ||   586
       Agony             |       |       |       |    45 |    62 |       ||   107
       Poisonous Vapours |       |       |       |    71 |    28 |       ||    99
       Blink             |       |       |       |     1 |    14 |     1 ||    16
       Iskenderun's Myst |       |       |       |       |    16 |     3 ||    19
       Lee's Rapid Decon |       |       |       |       |    82 |    69 ||   151
       Petrify           |       |       |       |       |     7 |    16 ||    23
Invok: Lesser Servant of |       |       |       |    10 |    16 |       ||    26
       Major Destruction |       |       |       |       |     1 |       ||     1
 Abil: Heal Wounds       |     1 |       |       |     1 |     1 |       ||     3
Evoke: Wand              |       |     2 |     6 |    30 |    49 |     2 ||    89
       Condenser vane    |       |       |       |     1 |     1 |       ||     2
       Box of beasts     |       |       |       |       |     1 |     1 ||     2
  Use: Scroll            |     3 |     3 |     5 |     5 |    18 |       ||    34
       Potion            |     1 |     2 |     3 |     2 |     8 |       ||    16
 Stab: Sleeping          |       |       |     2 |       |       |       ||     2
       Paralysed         |       |       |       |    18 |    15 |       ||    33
Armor: Robe              |     4 |     2 |    26 |    11 |     4 |       ||    47
       Ring mail         |       |       |       |    57 |       |       ||    57
       Steam dragon scal |       |       |       |    61 |    85 |     3 ||   149
Dodge: Dodged            |    23 |     6 |    71 |   351 |   214 |     5 ||   670
Block: Kite shield       |       |       |       |       |   173 |     4 ||   177
       Reflection        |       |       |       |       |     4 |     2 ||     6
       Rpst.: Scimitar   |       |       |       |    56 |     3 |       ||    59
